 Dungeon Crawl Stone Soup version 0.14-a0-2506-gc7bb754 (webtiles) character file.

12628 Medar the Carver (level 12, -14/72 HPs)
             Began as a Formicid Arcane Marksman on Feb 9, 2014.
             Was an Elder of Okawaru.
             Demolished by a blue devil (19 damage)
             ... in an ice cave.
             The game lasted 01:39:03 (20941 turns).

Medar the Carver (Formicid Arcane Marksman)        Turns: 20941, Time: 01:39:03

HP -14/72        AC  9     Str 19      XL: 12   Next: 51%
MP  21/25        EV 12     Int 15      God: Okawaru [****..]
Gold 89          SH  0     Dex 10      Spells: 10 memorised,  0 levels left

rFire  . . .     SeeInvis +     a - +0,+4 scimitar (flame)
rCold  + . .     Clarity  .     D - +2 orc leather armour
rNeg   . . .     Conserve +     (no shield)
rPois  x         rCorr    .     (helmet unavailable)
rElec  .         rRot     .     d - +1 elf cloak {rC+}
SustAb . .       Spirit   .     I - +0 pair of gloves
rMut   .         Warding  .     (no boots)
Saprov . . .     Stasis   +     U - amulet of conservation
MR     +....                    (no ring)
                                (no ring)

@: somewhat resistant to hostile enchantments, unstealthy
A: permanent stasis, dig shafts and tunnels, four strong arms, poison weakness,
antennae 3, exoskeleton 1
a: Dig, Shaft Self, Heroism, Renounce Religion


You were in an ice cave.
You worshipped Okawaru.
Okawaru was greatly pleased with you.
You were not hungry.

You visited 3 branches of the dungeon, and saw 12 of its levels.
You also visited: Ice Cave.

You collected 679 gold pieces.
You spent 590 gold pieces at shops.

Inventory:

Hand weapons
 a - a +0,+4 scimitar of flaming (weapon)
 b - a +0,+0 crossbow
 M - a +3,+2 scimitar of freezing
 O - a -1,+2 orcish scimitar of holy wrath
Missiles
 c - 9 bolts of frost
 o - 5 bolts of penetration
 y - 2 throwing nets {=f =F}
 C - 28 bolts
 Z - 9 bolts of flame
Armour
 d - a +1 elven cloak of cold resistance (worn)
 t - a +0 cloak of poison resistance
 D - a +2 orcish leather armour (worn)
 I - a +0 pair of gloves (worn)
Magical devices
 x - a wand of draining (1)
 J - a wand of frost (10)
 L - a wand of polymorph (12)
 N - a wand of draining (6)
 V - a wand of digging (10)
 Y - a wand of teleportation (1)
Comestibles
 f - 3 bread rations
Scrolls
 k - a scroll of enchant armour {unknown}
 n - 3 scrolls of fear
 s - a scroll of fog
 w - a scroll of immolation
 F - a scroll of remove curse
 H - a scroll of magic mapping
 X - a scroll of summoning {unknown}
Jewellery
 e - an uncursed ring of fire
 z - an uncursed amulet of resist corrosion {unknown}
 U - an amulet of conservation (around neck)
Potions
 h - 3 potions of brilliance
 v - 9 potions of curing
 E - a potion of restore abilities
 Q - a potion of invisibility
 T - a potion of agility


   Skills:
 - Level 2.8 Fighting
 + Level 12.8 Long Blades
 - Level 9.2 Crossbows
 - Level 2.9 Armour
 - Level 2.9 Dodging
 - Level 5.6 Spellcasting
 - Level 7.0 Hexes
 - Level 2.7 Charms
 - Level 2.3 Translocations
 - Level 1.2 Invocations


You couldn't memorise any spells.
You knew the following spells:

 Your Spells              Type           Power        Failure   Level  Hunger
c - Infusion              Chrm           ##....       6%          1    None
d - Slow                  Hex            ####....     1%          2    #......
e - Swiftness             Chrm/Air       #.......     14%         2    #......
f - Cause Fear            Hex            ####......   12%         4    ####...
g - Enslavement           Hex            ####....     12%         4    ####...
p - Apportation           Tloc           ##........   8%          1    None
r - Repel Missiles        Chrm/Air       #.....       14%         2    #......
s - Corona                Hex            ####...      1%          1    None
t - Shroud of Golubria    Chrm/Tloc      ##........   12%         2    #......
w - Spectral Weapon       Hex/Chrm       ###.....     10%         3    ###....


Dungeon Overview and Level Annotations

Branches:
Dungeon (10/16)            Temple (1/1) D:5            Lair (1/8) D:10
    Orc: D:9-12

Altars:
Ashenzari
Cheibriados
Dithmengos
Elyvilon
Fedhas
Kikubaaqudgha
Makhleb
Nemelex Xobeh
Okawaru
Sif Muna
Trog
Vehumet
Xom
Yredelemnul
Zin
The Shining One

Shops:
D:5 ?   D:7 (   D:10 :

Annotations:
D:5 angel


Innate Abilities, Weirdness & Mutations

Your are under a permanent stasis effect.
You can dig through walls and to a lower floor.
Your four strong arms can wield any weapon, most with a shield.
You are susceptible to poison.
You have a pair of large antennae on your head (SInv).
Your body is surrounded by an exoskeleton. (AC +1)


Message History

* * * LOW HITPOINT WARNING * * *
The blue devil hits you.
* * * LOW HITPOINT WARNING * * *
You closely miss the blue devil.
The blue devil is severely wounded.
Your spectral weapon hits the blue devil.
Your spectral weapon burns the blue devil.
The blue devil hits you!
* * * LOW HITPOINT WARNING * * *
Press: ? - help, v - describe, . - travel
Here: a blue devil (severely wounded)
The floor.
Unknown command.
Read which item? (? for menu, Esc to quit)
As you read the scroll of fear, it crumbles to dust.
You assume a fearsome visage.
Your spectral weapon is unaffected.
The blue devil is unaffected.
The blue devil hits you!
You die...

#..#....## #...#
#..##....###...#
##..#....##.§§.###
#..##...##..§.§.#
##..#.[##..#§§§§§#
#..#.##..###§§§§§§
##.#.#...# §§§§§§
##.(#..## §§§§§
#.@4.## §§§§
##.4## .. #### #


You could see 2 blue devils and a friendly spectral scimitar of flaming.

Vanquished Creatures
  Erica (D:10)
  An unseen horror (D:10)
  An ice devil (IceCv)
  3 ice statues
  An iron devil (D:5)
  4 trolls (D:10)
  2 blue devils (IceCv)
  A two-headed ogre (D:8)
  A wyvern (D:9)
  A wraith (D:10)
  A deep elf fighter (D:10)
  Eustachio (D:8)
  A hill giant zombie (D:8)
  2 spriggan skeletons (D:9)
  8 yaks
  A hungry ghost (D:9)
  A hill giant skeleton (D:9)
  Menkaure (D:5)
  4 orc warriors
  A porcupine (Lair:1)
  A sky beast (D:7)
  5 ice beasts
  A phantom (D:7)
  A crocodile (D:10)
  6 ogres
  Duvessa (D:9)
  4 big kobolds
  5 centaurs
  A manticore skeleton (D:9)
  2 giant frogs
  A water moccasin (Lair:1)
  2 black bears
  2 killer bees
  The ghost of PVF the Zealot, a weakling DsDK of Yredelemnul (D:3)
  4 wights (D:8)
  2 hounds
  Dowan (D:9)
  6 crimson imps
  4 goliath beetles
  6 jellies
  8 orc priests
  A quasit (D:9)
  2 centaur skeletons
  An iguana (D:6)
  12 orc wizards
  A scorpion (D:10)
  9 worker ants
  A big kobold zombie (D:10)
  A big kobold skeleton (D:10)
  3 ogre skeletons (D:9)
  Terence (D:2)
  2 hound skeletons
  9 adders
  7 gnolls
  2 green rats (D:10)
  A shadow imp (D:9)
  3 inept item mimics
  20 white imps
  A goliath beetle zombie (D:9)
  6 ufetubi (IceCv)
  11 worms
  3 giant eyeballs
  5 giant geckos
  2 oozes
  29 orcs
  23 bats
  4 giant cockroaches
  21 hobgoblins
  16 jackals
  27 kobolds
  3 quokkas
  3 ball pythons
  A giant gecko skeleton (D:6)
  5 giant newts
  19 goblins
  A goblin skeleton (D:4)
  A hobgoblin zombie (D:6)
  2 kobold skeletons
  29 rats
389 creatures vanquished.

Vanquished Creatures (collateral kills)
  A yellow wasp (D:6)
  A kobold (D:6)
2 creatures vanquished.

Vanquished Creatures (others)
  2 spectral weapons
  3 ufetubi (IceCv)
5 creatures vanquished.

Grand Total: 396 creatures vanquished

Notes
Turn   | Place    | Note
--------------------------------------------------------------
     0 | D:1      | Medar, the Formicid Arcane Marksman, began the quest for the Orb.
     0 | D:1      | Reached XP level 1. HP: 13/13 MP: 2/2
   222 | D:1      | Reached XP level 2. HP: 18/18 MP: 3/3
   330 | D:1      | Learned a level 2 spell: Slow
   853 | D:1      | Reached XP level 3. HP: 23/23 MP: 4/4
  1189 | D:2      | Noticed Terence
  1197 | D:2      | Killed Terence
  1371 | D:2      | Reached XP level 4. HP: 23/28 MP: 2/5
  1396 | D:2      | Reached skill level 4 in Crossbows
  1953 | D:2      | Reached XP level 5. HP: 31/33 MP: 7/7
  2864 | D:3      | Reached skill level 5 in Hexes
  3052 | D:3      | Reached XP level 6. HP: 27/38 MP: 8/8
  3068 | D:3      | Noticed PVF's ghost (weakling DsDK)
  3502 | D:4      | Found a shimmering altar of Xom.
  3663 | D:4      | Noticed an ogre
  3666 | D:4      | Killed an ogre
  3666 | D:4      | Reached skill level 6 in Hexes
  4102 | D:4      | Reached skill level 7 in Hexes
  4102 | D:4      | Reached XP level 7. HP: 43/43 MP: 9/9
  4108 | D:4      | Learned a level 4 spell: Enslavement
  4168 | D:4      | Reached skill level 1 in Armour
  4748 | D:5      | Entered Level 5 of the Dungeon
  4771 | D:5      | Noticed an angel
  4792 | D:5      | Found a staircase to the Ecumenical Temple.
  4816 | Temple   | Entered the Ecumenical Temple
  5062 | Temple   | Became a worshipper of Warmaster Okawaru
  5131 | D:5      | Noticed an iron devil
  5504 | D:5      | Found Viluty's Magic Scroll Shoppe.
  5519 | D:5      | Bought a scroll of magic mapping for 38 gold pieces
  5519 | D:5      | Bought a scroll of blinking for 60 gold pieces
  5865 | D:5      | Reached XP level 8. HP: 30/51 MP: 10/10
  6368 | D:3      | Killed PVF's ghost
  6368 | D:3      | Reached skill level 5 in Crossbows
  8012 | D:6      | Reached XP level 9. HP: 53/55 MP: 12/12
  8122 | D:6      | Acquired Okawaru's first power
  8370 | D:6      | Noticed Menkaure
  8700 | D:6      | Reached skill level 8 in Crossbows
  9473 | D:5      | Killed Menkaure
  9473 | D:5      | Reached skill level 9 in Crossbows
  9778 | D:7      | Reached skill level 1 in Invocations
  9876 | D:7      | Learned a level 1 spell: Infusion
 10371 | D:7      | Found Traexim's Weapon Boutique.
 10453 | D:7      | Learned a level 2 spell: Shroud of Golubria
 10467 | D:7      | Reached skill level 1 in Charms
 10492 | D:7      | Found a radiant altar of Vehumet.
 10492 | D:7      | Found a basalt altar of Yredelemnul.
 10581 | D:7      | Reached skill level 1 in Translocations
 10581 | D:7      | Reached XP level 10. HP: 62/62 MP: 19/19
 10590 | D:7      | Found an ancient bone altar of Kikubaaqudgha.
 11626 | D:8      | Reached skill level 1 in Long Blades
 12180 | D:8      | HP: 2/62 [hill giant zombie (15)]
 12763 | D:8      | Reached skill level 5 in Long Blades
 12928 | D:8      | Learned a level 4 spell: Cause Fear
 13100 | D:8      | Noticed Eustachio
 13111 | D:8      | Killed Eustachio
 14575 | D:9      | Reached XP level 11. HP: 66/66 MP: 11/20
 14627 | D:9      | Noticed Dowan
 14648 | D:9      | Killed Dowan
 14784 | D:9      | Noticed Duvessa
 14879 | D:8      | Learned a level 3 spell: Spectral Weapon
 14894 | D:9      | Killed Duvessa
 15937 | D:10     | Entered Level 10 of the Dungeon
 16302 | D:10     | Noticed Erica
 16819 | D:10     | Reached skill level 10 in Long Blades
 17202 | D:10     | Noticed an ice statue
 17272 | D:10     | Found Irid's Book Shoppe.
 17911 | D:7      | Bought 26 bolts for 72 gold pieces
 18015 | D:5      | Killed an iron devil
 18015 | D:5      | Received a gift from Okawaru
 18318 | D:10     | Reached skill level 11 in Long Blades
 18444 | D:10     | Noticed an unseen horror
 18467 | D:10     | Killed an unseen horror
 18869 | D:10     | Found a staircase to the Lair.
 18872 | D:10     | Bought a book of Air for 420 gold pieces
 18981 | D:10     | Received a gift from Okawaru
 19358 | D:10     | Killed Erica
 19358 | D:10     | Reached skill level 5 in Spellcasting
 19358 | D:10     | Reached XP level 12. HP: 45/72 MP: 16/24
 19621 | D:10     | Learned a level 2 spell: Swiftness
 19624 | D:10     | Learned a level 2 spell: Repel Missiles
 19635 | D:10     | Killed an ice statue
 19675 | D:10     | Got an ichor-stained great sword
 19679 | D:10     | Identified the cursed -2,+3 great sword of Classification {flame, +Inv Str-3 Int+2} (You found it on level 10 of the Dungeon)
 19751 | Lair:1   | Entered Level 1 of the Lair of Beasts
 19775 | Lair:1   | Learned a level 1 spell: Apportation
 19949 | Lair:1   | Found a frozen archway.
 20053 | IceCv    | Entered an ice cave
 20092 | IceCv    | Reached skill level 12 in Long Blades
 20665 | IceCv    | Noticed an ice devil
 20690 | IceCv    | Killed an ice devil
 20941 | IceCv    | Demolished by a blue devil

Action                   |  1- 3 |  4- 6 |  7- 9 | 10-12 || total
-------------------------+-------+-------+-------+-------++-------
Melee: Unarmed           |     3 |       |       |       ||     3
       Dagger            |    32 |   111 |   216 |       ||   359
       Quarterstaff      |       |    11 |       |       ||    11
       Mace              |       |       |    54 |   106 ||   160
       Scimitar          |       |       |       |   569 ||   569
 Fire: Crossbow          |    35 |    74 |   228 |   170 ||   507
Throw: Throwing net      |       |       |     1 |       ||     1
       Tomahawk          |       |       |       |     1 ||     1
 Cast: Corona            |     2 |    17 |     3 |    14 ||    36
       Slow              |       |     2 |     6 |    18 ||    26
       Enslavement       |       |       |     4 |       ||     4
       Infusion          |       |       |       |    30 ||    30
       Shroud of Golubri |       |       |       |    30 ||    30
       Spectral Weapon   |       |       |       |    13 ||    13
       Cause Fear        |       |       |       |     1 ||     1
       Repel Missiles    |       |       |       |     4 ||     4
Invok: Heroism           |       |       |       |     9 ||     9
 Abil: Dig               |       |       |       |     7 ||     7
Evoke: Wand              |       |       |    10 |    24 ||    34
  Use: Scroll            |       |     8 |     8 |     8 ||    24
       Potion            |       |       |       |     5 ||     5
 Stab: Sleeping          |     1 |     2 |       |       ||     3
       Distracted        |       |       |       |     1 ||     1
